 Dungeon Crawl Stone Soup version 0.18-a0-1418-ga86aa8f (webtiles) character file.

207777 brucemayne the Shatterer (level 18, -6/213 HPs)
             Began as an Ogre Berserker on Feb 25, 2016.
             Was the Champion of Trog.
             Mangled by a white very ugly thing (50 damage)
             ... on level 1 of the Vaults on Feb 26, 2016.
             The game lasted 02:01:00 (14378 turns).

brucemayne the Shatterer (Ogre Berserker)          Turns: 14378, Time: 02:01:00

Health: -6/213     AC: 31    Str: 27    XL:     18   Next: 24%
Magic:  6/6        EV: 16    Int:  6    God:    Trog [******]
Gold:   850        SH:  0    Dex: 15    Spells: 0 memorised, 17 levels left

rFire  . . .     SeeInvis .     X - +10 giant spiked club (antimagic)
rCold  . . .     Gourm    .     m - +4 storm dragon armour
rNeg   . . .     Faith    +     (shield currently unavailable)
rPois  +         Spirit   .     b - +1 hat of Okluatap Dir {+Blink}
rElec  +         Dismiss  .     J - +2 cloak {MR+}
rCorr  .         Reflect  .     (gloves unavailable)
SustAt .         Harm     .     (boots unavailable)
MR     +++..                    y - amulet of faith
Stlth  ..........               h - +4 ring of evasion
                                K - ring of Sovereignty {rPois MR+ AC+2}

@: extremely resistant to hostile enchantments, extremely unstealthy
A: unfitting armour, thin metallic scales 1, yellow scales 1, tough skin 1
a: Berserk, Trog's Hand, Brothers in Arms, Burn Spellbooks, Renounce Religion,
Evoke Blink
}: 2/15 runes: decaying, serpentine


You were on level 1 of the Vaults.
You worshipped Trog.
Trog was exalted by your worship.
You were not hungry.

You visited 7 branches of the dungeon, and saw 35 of its levels.

You collected 1955 gold pieces.
You spent 1105 gold pieces at shops.

Inventory:

Hand Weapons
 V - a +6 great mace of holy wrath
 X - a +10 antimagic giant spiked club (weapon)
Missiles
 L - 29 large rocks (quivered)
Armour
 b - the +1 hat of Okluatap Dir (worn) {+Blink}
   (You acquired it on level 14 of the Dungeon)

   It lets you blink.
 m - a +4 storm dragon armour (worn)
 J - a +2 cloak of magic resistance (worn)
Jewellery
 h - a +4 ring of evasion (right hand)
 y - an amulet of faith (around neck)
 K - the ring of Sovereignty (left hand) {rPois MR+ AC+2}
   (You found it on level 12 of the Dungeon)

   [ring of protection]

   It affects your AC (+2).
   It protects you from poison.
   It affects your resistance to hostile enchantments.
Wands
 i - a wand of disintegration (12/24)
 t - a wand of acid (7/15)
 N - a wand of hasting (8/9)
 S - a wand of digging (11/24)
 T - a wand of paralysis (6/24)
Scrolls
 f - 4 scrolls of blinking
 j - 4 scrolls of teleportation
 k - 2 scrolls of fog
 o - 10 scrolls of remove curse
 r - a scroll of recharging
 Z - 3 scrolls of magic mapping
Potions
 a - 2 potions of might
 g - 4 potions of curing
 q - 4 potions of cancellation
 s - a potion of agility
 u - 2 potions of cure mutation
 x - 2 potions of berserk rage
 z - 2 potions of ambrosia
 C - 3 potions of lignification
 F - a potion of invisibility
 H - a potion of brilliance {unknown}
 M - 3 potions of magic
 O - a potion of resistance {unknown}
 R - a potion of flight
 W - 2 potions of heal wounds
Books
 e - a book of Geomancy

   Spells                             Type                      Level
   a - Sandblast                      Earth                        1
   b - Passwall                       Transmutation/Earth          2
   c - Stone Arrow                    Conjuration/Earth            3
   d - Petrify                        Transmutation/Earth          4
   e - Lee's Rapid Deconstruction     Earth                        5
   Trog disapproves of the use of such an item.
 D - a book of Frost

   Spells                             Type                      Level
   a - Freeze                         Ice                          1
   b - Throw Frost                    Conjuration/Ice              2
   c - Ozocubu's Armour               Charms/Ice                   3
   d - Throw Icicle                   Conjuration/Ice              4
   e - Summon Ice Beast               Ice/Summoning                4
   Trog disapproves of the use of such an item.
 E - a book of Geomancy

   Spells                             Type                      Level
   a - Sandblast                      Earth                        1
   b - Passwall                       Transmutation/Earth          2
   c - Stone Arrow                    Conjuration/Earth            3
   d - Petrify                        Transmutation/Earth          4
   e - Lee's Rapid Deconstruction     Earth                        5
   Trog disapproves of the use of such an item.
 P - a book of Fire

   Spells                             Type                      Level
   a - Ignite Poison                  Fire/Transmutation/Poison    3
   b - Fireball                       Conjuration/Fire             5
   c - Bolt of Fire                   Conjuration/Fire             6
   d - Delayed Fireball               Conjuration/Fire             7
   e - Ring of Flames                 Charms/Fire                  7
   Trog disapproves of the use of such an item.
 Q - a Grand Grimoire

   Spells                             Type                      Level
   a - Monstrous Menagerie            Summoning                    7
   b - Summon Greater Demon           Summoning                    7
   c - Malign Gateway                 Summoning/Translocation      7
   d - Summon Horrible Things         Summoning                    8
   Trog disapproves of the use of such an item.
Comestibles
 c - 3 bread rations
 d - 6 fruits
 B - 5 meat rations


   Skills:
 + Level 20.4 Fighting
 - Level 24.0 Maces & Flails
 - Level 13.6 Armour
 + Level 9.5 Dodging


You had 17 spell levels left.
You didn't know any spells.

Dungeon Overview and Level Annotations

Branches:
Dungeon (15/15)            Temple (0/1) D:6            Lair (8/8) D:11
  Swamp (4/4) Lair:3        Snake (4/4) Lair:4        Slime (0/6) Lair:8
    Orc (2/2) D:12            Elf (1/3) Orc:2        Vaults (1/5) D:14
 Depths: D:15

Altars:
Ashenzari
Fedhas
Kikubaaqudgha
Qazlal
Sif Muna
The Shining One
Beogh

Shops:
D:9 *   D:12 [(   D:13 ?   Orc:2 ?[*(=   Snake:4 [

Annotations:
D:11 exclusion: downstairs
Swamp:2 kroki's ghost, adept MiAs
Snake:1 exclusion: downstairs, Roxanne
Snake:2 exclusion: upstairs, Vashnia
Orc:2 exclusion: 2 upstairs
Elf:1 Frances


Innate Abilities, Weirdness & Mutations

You are too large for most types of armour.
You have tough skin (AC +1).
You are partially covered in thin metallic scales (AC +2).
You are partially covered in yellow scales (AC +2).


Message History

The white very ugly thing is almost dead.
You completely miss the white very ugly thing.
The white very ugly thing is almost dead.
The white very ugly thing engulfs you.
The white very ugly thing freezes you!!!
Your storm dragon armour prevents you from hitting the white very ugly thing.
The white very ugly thing is almost dead.
The white very ugly thing engulfs you.
The white very ugly thing freezes you!!!
* * * LOW HITPOINT WARNING * * *
You closely miss the white very ugly thing.
The white very ugly thing is almost dead.
Read which item? (? for menu, Esc to quit)
Okay, then.
You sock the white very ugly thing!
The white very ugly thing is almost dead.
The white very ugly thing engulfs you!
* * * LOW HITPOINT WARNING * * *
The white very ugly thing freezes you!!!
You die...

...................
..(................
..............########
..............'......#
..............#......#
..............#......#
..............#......#
..............#....∩.#
.....########@#......#
..... #u#.....)# ....
#u#......# ....
#u#......# #.########
#.. +.. #..


You could see 2 very ugly things and a white ugly thing.

Vanquished Creatures
  the Lernaean hydra (Swamp:4)
  A tentacled monstrosity (Swamp:4)
  A thorn hunter (Swamp:1)
  Kirke (Snake:2)
  10 greater nagas
  Maud (Lair:8)
  The ghost of Sagrath01 the Unseen, a journeyman SpEn of Ashenzari (Snake:4)
  4 vault guards (D:14)
  Erolcha (Orc:1)
  A rakshasa (D:14)
  23 hydras
  12 anacondas
  13 naga warriors
  2 centaur warriors
  Erica (D:8)
  5 alligators
  A death knight (D:14)
  9 death yaks (Lair:7)
  A dancing weapon (Elf:1)
  6 naga sharpshooters
  4 shock serpents
  4 orc high priests (Orc:2)
  2 deep elf knights (Elf:1)
  A hell knight (Orc:2)
  Nergalle (Orc:2)
  A spriggan (Swamp:1)
  7 swamp dragons
  7 sea snakes (Snake:4)
  An unseen horror (D:13)
  9 naga ritualists
  A wolf spider zombie (D:14)
  A necromancer (Vaults:1)
  3 orc knights (Orc:2)
  A human zombie (Vaults:1)
  5 hill giants
  2 wolf spiders (Lair:8)
  5 ugly things
  A hornet (Swamp:2)
  5 cyclopes
  9 mana vipers
  3 orc sorcerers (Orc:2)
  A manticore (D:13)
  8 salamanders
  33 black mambas
  7 elephants (Lair:7)
  4 gargoyles
  3 centaur zombies
  10 naga magi
  11 guardian serpents
  18 spiny frogs
  A torpor snail (Lair:5)
  3 centaur skeletons
  2 efreet (D:14)
  4 kobold demonologists
  7 komodo dragons
  A two-headed ogre (Orc:2)
  6 trolls
  3 bog bodies
  12 slime creatures
  11 blink frogs
  34 yaks
  A hog (Snake:2)
  7 wyverns
  A vampire (D:14)
  3 shadows
  An ettin skeleton (Vaults:1)
  Eustachio (D:6)
  3 hippogriffs
  7 vampire mosquitoes
  A hungry ghost (D:12)
  10 wolves
  5 insubstantial wisps (Swamp:3)
  2 wargs
  9 swamp worms
  58 nagas
  24 water moccasins
  9 swamp drakes
  2 sky beasts
  9 wasps
  3 ice beasts
  2 eyes of draining
  38 orc warriors
  A necrophage (D:12)
  A phantom (D:14)
  6 ogres
  3 centaurs
  A human skeleton (Vaults:1)
  3 big kobolds
  11 crocodiles
  17 giant frogs
  A wyvern zombie (D:8)
  11 killer bees
  A scorpion (D:6)
  A howler monkey (D:11)
  An electric eel (Lair:3)
  6 crimson imps
  A giant frog zombie (D:6)
  3 hounds
  2 jellies
  26 orc wizards
  A giant frog skeleton (D:7)
  20 orc priests
  2 iguanas
  6 worker ants
  A killer bee zombie (D:8)
  14 sheep
  A hound zombie (D:10)
  A worker ant zombie (D:8)
  10 adders
  3 gnolls (D:2)
  25 river rats
  2 shadow imps
  An adder zombie (D:9)
  An adder skeleton (D:9)
  3 giant geckos
  58 orcs
  A giant cockroach (D:3)
  5 goblins
  A hobgoblin (D:1)
  15 jackals
  7 kobolds
  4 quokkas
  12 bats
  2 giant newts
  16 rats
  3 fungi (Lair:8)
  2 plants
856 creatures vanquished.

Vanquished Creatures (collateral kills)
  An orc warlord (Orc:2)
  A naga ritualist (Snake:1)
  A water moccasin (Lair:8)
  3 fungi (Lair:8)
6 creatures vanquished.

Vanquished Creatures (others)
  3 humans (Snake:2)
  A naga (Snake:4)
  2 briar patches (Swamp:1)
  18 fungi
  6 plants
30 creatures vanquished.

Grand Total: 892 creatures vanquished

Notes
Turn   | Place    | Note
--------------------------------------------------------------
     0 | D:1      | brucemayne the Ogre Berserker began the quest for the Orb.
     0 | D:1      | Reached XP level 1. HP: 24/24 MP: 1/1
    82 | D:1      | Reached XP level 2. HP: 29/32 MP: 2/2
   154 | D:2      | Reached skill level 5 in Maces & Flails
   169 | D:2      | Reached XP level 3. HP: 20/39 MP: 3/3
   206 | D:2      | Reached skill level 6 in Maces & Flails
   223 | D:1      | Reached ** piety under Trog
   279 | D:3      | Reached XP level 4. HP: 18/48 MP: 4/4
   588 | D:5      | Entered Level 5 of the Dungeon
   702 | D:6      | Found a blossoming altar of Fedhas.
   788 | D:6      | Reached skill level 7 in Maces & Flails
   788 | D:6      | Reached XP level 5. HP: 21/54 MP: 5/5
   864 | D:7      | Found a deep blue altar of Sif Muna.
   913 | D:7      | Noticed a water moccasin
   926 | D:7      | Killed a water moccasin
   926 | D:7      | Reached skill level 8 in Maces & Flails
   926 | D:7      | Reached XP level 6. HP: 43/62 MP: 6/6
  1002 | D:7      | Reached skill level 9 in Maces & Flails
  1074 | D:6      | Gained mutation: You are partially covered in thin metallic scales (AC +2). [potion of mutation]
  1074 | D:6      | Gained mutation: You are partially covered in yellow scales (AC +2). [potion of mutation]
  1080 | D:6      | HP: 3/62 [poisoned by a killer bee]
  1176 | D:6      | Reached skill level 10 in Maces & Flails
  1176 | D:6      | Reached XP level 7. HP: 66/70 MP: 7/7
  1200 | D:6      | HP: 5/105 [poisoned by a killer bee]
  1205 | D:6      | HP: 3/70 [poisoned by a killer bee]
  1291 | D:6      | Found a staircase to the Ecumenical Temple.
  1294 | D:6      | Noticed Eustachio
  1309 | D:6      | Reached skill level 11 in Maces & Flails
  1343 | D:6      | Killed Eustachio
  1358 | D:6      | Reached XP level 8. HP: 53/78 MP: 8/8
  1392 | D:6      | Reached skill level 12 in Maces & Flails
  1437 | D:8      | Noticed Erica
  1462 | D:8      | Killed Erica
  1462 | D:8      | Reached skill level 13 in Maces & Flails
  1521 | D:8      | Reached skill level 14 in Maces & Flails
  1543 | D:8      | Reached XP level 9. HP: 38/84 MP: 9/9
  1666 | D:8      | Found a shattered altar of Ashenzari.
  1759 | D:8      | Reached skill level 15 in Maces & Flails
  2140 | D:8      | Reached skill level 5 in Fighting
  2195 | D:8      | Found a glowing golden altar of the Shining One.
  2380 | D:10     | Entered Level 10 of the Dungeon
  2467 | D:9      | Found Idynkuor's Assorted Antiques.
  2547 | D:9      | Reached skill level 5 in Dodging
  2547 | D:9      | Reached XP level 10. HP: 61/102 MP: 10/10
  3135 | D:11     | Noticed a cyclops
  3174 | D:11     | Reached *** piety under Trog
  3256 | D:12     | Noticed a red ugly thing
  3263 | D:12     | Noticed a hill giant
  3290 | D:11     | Killed a red ugly thing
  3290 | D:11     | Reached skill level 16 in Maces & Flails
  3399 | D:11     | Killed a cyclops
  3767 | D:12     | Found Zodghyxzi's Weapon Boutique.
  3767 | D:12     | Found a staircase to the Orcish Mines.
  3767 | D:12     | Found Cazehiy's Armour Boutique.
  3774 | D:12     | Noticed a hill giant
  3780 | D:12     | Reached skill level 17 in Maces & Flails
  3780 | D:12     | Reached XP level 11. HP: 115/115 MP: 0/11
  3814 | D:11     | Noticed a four-headed hydra
  3931 | D:12     | Reached **** piety under Trog
  3966 | D:12     | Killed a hill giant
  4076 | D:12     | Reached skill level 18 in Maces & Flails
  4144 | D:12     | Got a wavering wooden ring
  4148 | D:12     | Identified the ring of Sovereignty {rPois MR+ AC+2} (You found it on level 12 of the Dungeon)
  4177 | D:12     | Reached skill level 10 in Fighting
  4188 | D:12     | Noticed a hill giant
  4189 | D:12     | Noticed a cyclops
  4213 | D:12     | Killed a hill giant
  4231 | D:12     | Killed a cyclops
  4241 | D:12     | Killed a hill giant
  4312 | Orc:1    | Entered Level 1 of the Orcish Mines
  4357 | Orc:2    | Entered Level 2 of the Orcish Mines
  4393 | Orc:2    | Found Sorox's Magic Scroll Emporium.
  4471 | Orc:2    | Reached skill level 1 in Armour
  4473 | Orc:2    | Reached ***** piety under Trog
  4473 | Orc:2    | Received a gift from Trog
  4475 | Orc:2    | Noticed an orc sorcerer
  4484 | Orc:2    | Killed an orc sorcerer
  4491 | Orc:2    | Noticed an orc high priest
  4599 | Orc:2    | Killed an orc high priest
  4641 | Orc:2    | Noticed an orc high priest
  4660 | Orc:2    | Killed an orc high priest
  4660 | Orc:2    | Reached XP level 12. HP: 83/130 MP: 12/12
  4835 | Orc:2    | Found a staircase to the Elven Halls.
  4846 | Orc:2    | Reached skill level 5 in Armour
  4866 | Orc:1    | Found a roughly hewn altar of Beogh.
  4866 | Orc:1    | Noticed an orc warlord
  4906 | Orc:2    | Found a roughly hewn altar of Beogh.
  4964 | Orc:2    | Noticed an orc warlord
  5011 | Orc:2    | Noticed an orc high priest
  5017 | Orc:2    | Noticed a soul eater
  5064 | Orc:2    | Killed an orc high priest
  5282 | Orc:1    | Noticed Nergalle
  5346 | Orc:2    | Killed Nergalle
  5385 | Orc:1    | Reached skill level 19 in Maces & Flails
  5409 | Orc:1    | Noticed Erolcha
  5448 | Orc:1    | Killed Erolcha
  5479 | Orc:1    | Noticed an orc warlord
  5575 | Orc:2    | Noticed an orc high priest
  5592 | Orc:2    | Killed an orc high priest
  5661 | Orc:2    | Killed an orc warlord
  5778 | Orc:2    | Received a gift from Trog
  5779 | Orc:2    | Got a twisted bardiche {god gift}
  5780 | Orc:2    | Found Ycruasathri's Antique Armour Shop.
  5781 | Orc:2    | Found Jeusuot's Antique Weapon Shop.
  5782 | Orc:2    | Found Bomn's General Store.
  5782 | Orc:2    | Found Giuha's Jewellery Boutique.
  5894 | Elf:1    | Entered Level 1 of the Elven Halls
  5902 | Elf:1    | Reached XP level 13. HP: 120/137 MP: 13/13
  6007 | Elf:1    | Reached skill level 20 in Maces & Flails
  6048 | Elf:1    | Noticed Frances
  6362 | D:13     | Found Edoabloxt's Magic Scroll Shop.
  6545 | D:12     | Bought a +0 storm dragon armour for 960 gold pieces
  6599 | D:11     | Found a staircase to the Lair.
  6608 | Lair:1   | Entered Level 1 of the Lair of Beasts
  7366 | Lair:4   | Found a staircase to the Snake Pit.
  7603 | Lair:7   | Reached skill level 21 in Maces & Flails
  7610 | Lair:8   | Entered Level 8 of the Lair of Beasts
  7704 | Lair:7   | Reached XP level 14. HP: 74/146 MP: 14/14
  7720 | Lair:7   | Reached skill level 22 in Maces & Flails
  7937 | Lair:6   | Received a gift from Trog
  8276 | Lair:8   | Reached skill level 23 in Maces & Flails
  8322 | Lair:8   | Found a staircase to the Slime Pits.
  8369 | Lair:8   | Noticed Maud
  8382 | Lair:8   | Killed Maud
  8637 | Lair:8   | Received a gift from Trog
  8716 | Lair:8   | Reached skill level 24 in Maces & Flails
  9183 | Snake:1  | Entered Level 1 of the Snake Pit
  9227 | Snake:1  | Reached XP level 15. HP: 54/156 MP: 5/15
  9292 | Snake:1  | Reached skill level 10 in Armour
  9298 | Snake:1  | Found a stormy altar of Qazlal.
  9318 | Snake:1  | Upgraded the game from 0.18-a0-1413-g4eaa9ac to 0.18-a0-1418-ga86aa8f
  9603 | Snake:1  | Noticed Roxanne
  9639 | Snake:2  | Noticed Vashnia
  9732 | Snake:1  | You fall through a shaft!
  9785 | Snake:3  | Noticed a greater naga
  9804 | Snake:3  | Killed a greater naga
 10416 | Snake:4  | Entered Level 4 of the Snake Pit
 10610 | Snake:3  | Noticed a greater naga
 10631 | Snake:3  | Killed a greater naga
 10714 | Snake:3  | Reached skill level 15 in Fighting
 10738 | Snake:2  | Noticed Kirke
 10749 | Snake:2  | Killed Kirke
 10749 | Snake:2  | Reached XP level 16. HP: 74/176 MP: 3/16
 10901 | Snake:4  | Found an ancient bone altar of Kikubaaqudgha.
 11030 | Snake:4  | Found Ulez's Antique Armour Emporium.
 11225 | Snake:4  | Noticed a greater naga
 11231 | Snake:4  | Killed a greater naga
 11259 | Snake:4  | Noticed a greater naga
 11270 | Snake:4  | Killed a greater naga
 11297 | Snake:4  | Noticed a greater naga
 11346 | Snake:4  | Noticed Sagrath01's ghost (journeyman SpEn)
 11349 | Snake:4  | Killed a greater naga
 11356 | Snake:4  | Killed Sagrath01's ghost
 11410 | Snake:4  | Noticed a greater naga
 11412 | Snake:4  | Noticed a greater naga
 11414 | Snake:4  | Received a gift from Trog
 11476 | Snake:4  | Killed a greater naga
 11491 | Snake:4  | Killed a greater naga
 11529 | Snake:4  | Noticed a greater naga
 11540 | Snake:4  | Killed a greater naga
 11653 | Snake:4  | Noticed a greater naga
 11665 | Snake:4  | Killed a greater naga
 11777 | Snake:4  | Received a gift from Trog
 11786 | Snake:4  | Reached XP level 17. HP: 37/193 MP: 5/17
 11981 | Snake:4  | Got a serpentine rune of Zot
 12497 | Lair:3   | Found a staircase to the Swamp.
 12520 | Swamp:1  | Entered Level 1 of the Swamp
 12874 | Swamp:4  | Entered Level 4 of the Swamp
 13003 | Swamp:4  | Noticed a tentacled monstrosity
 13017 | Swamp:4  | Killed a tentacled monstrosity
 13109 | Swamp:4  | Received a gift from Trog
 13204 | Swamp:4  | Noticed the 27-headed Lernaean hydra
 13209 | Swamp:4  | Killed the 27-headed Lernaean hydra
 13356 | Swamp:4  | Got a decaying rune of Zot
 13463 | Swamp:2  | Noticed kroki's ghost (adept MiAs)
 13698 | D:9      | Bought an ivory ring for 145 gold pieces
 13746 | D:15     | Entered Level 15 of the Dungeon
 14100 | D:14     | Reached XP level 18. HP: 175/210 MP: 1/18
 14197 | D:14     | Reached ****** piety under Trog
 14283 | D:14     | Found a gate to the Vaults.
 14313 | D:14     | Identified a scroll of acquirement
 14314 | D:14     | Got a faintly glowing hat
 14320 | D:14     | Identified the +1 hat of Okluatap Dir {+Blink} (You acquired it on level 14 of the Dungeon)
 14325 | Vaults:1 | Entered Level 1 of the Vaults
 14378 | Vaults:1 | Mangled by a white very ugly thing

Vault maps used:
D:1:      minmay_arrival_four_houses
D:3:      kennysheep_okawaru_gauntlet, ecumenical_altar_2
D:4:      uniq_natasha
D:5:      first_bread
D:6:      fedhas_altar_decomposition, minmay_temple_entry_large_hall,
          uniq_eustachio
D:7:      kennysheep_mini_moat, overflow_temple_1_default, eino_tiny_chamber
D:8:      tso_metal_star, evilmike_ruin_ashenzari, uniq_erica
D:9:      serial_shops, shop_fountains
D:10:     old_forge
D:11:     grunt_lair_entry_orc_guard_hut
D:12:     orc_david_3
D:13:     serial_shops, shop_scrolls
D:14:     lightli_vaults_fourway_checkpoint, minmay_misc_feat_diagonals,
          kennysheep_potato
D:15:     gammafunk_depths_entry_grave, serial_park_avenue1,
          kennysheep_inner_square
Lair:1:   dragon1_lemuel, infiniplex_staircase_pool_2
Lair:2:   minivault_11, grunt_megastairs_5, serial_bayou_shore_b
Lair:3:   nicolae_swamp_entry_splash_gauntlet, bh_autumn_forest_stairs
Lair:4:   minmay_snake_entry_guardpost_small, serial_bayou_shore_a
Lair:6:   grunt_megastairs_4, lemuel_fruit_tree
Lair:7:   nicolae_quartered_pool_super, st_stairs_11, beast_lair_carwin_7
Lair:8:   hangedman_lair_tendril_chambers, slime_dummy, basic_altar, uniq_maud
Swamp:1:  evilmike_swamp_ruin_house_5, swamp_pool5
Swamp:2:  nicolae_swamp_trees_clearing
Swamp:3:  nicolae_swamp_round_clearing, uniq_louise
Swamp:4:  swamp_old_school
Snake:1:  basic_altar, serial_shops, shop, st_stairs_13, guppyfry_snake_island,
          grunt_megastairs_2, uniq_roxanne
Snake:2:  uniq_aizul, uniq_vashnia, uniq_jorgrun, uniq_kirke
Snake:4:  grunt_snake_rune_pools, portal_ice_cave_demonic_guard, serial_shops,
          nicolae_shop_stone, basic_altar
Orc:1:    basic_altar, uniq_erolcha, uniq_nergalle
Orc:2:    st_orc_congregation, serial_shops, nicolae_shop_waterfront,
          nicolae_orc_bridge_out, mines1_david
Elf:1:    special_room, minivault_28, sword_in_stone
Vaults:1: v_alt_pattern_2, ontoclasm_vaults_hangar,
          nicolae_vaults_windows_and_doors_thing, vaults_room_hallway,
          grunt_vaults_hallway_long, hangedman_vaults_stretched_pinwheel,
          ontoclasm_vaults_shout, nicolae_vaults_yaktaur_gun_rack, v_misc_5,
          ontoclasm_vaults_twist, ontoclasm_vaults_gateway, serial_shops, shop

Skill      XL: |  1  2  3  4  5  6  7  8  9 10 11 12 13 14 15 16 17 18 |
---------------+-------------------------------------------------------+-----
Maces & Flails | 5 6 7 8 10 11 14 15 17 18 19 21 24 | 24.0
Dodging        | 5 6 8 9 |  9.5
Fighting       | 7 9 11 12 15 17 19 20 | 20.4
Armour         | 4 7 9 11 13 | 13.6

Action                   |  1- 3 |  4- 6 |  7- 9 | 10-12 | 13-15 | 16-18 || total
-------------------------+-------+-------+-------+-------+-------+-------++-------
Melee: Mace              |    38 |       |       |       |       |       ||    38
       Flail             |    21 |   105 |   225 |   291 |       |       ||   642
       Giant spiked club |       |       |    13 |       |   552 |   848 ||  1413
       Giant club        |       |       |       |   446 |   395 |       ||   841
Throw: Javelin           |       |     2 |     9 |     3 |       |       ||    14
       Large rock        |       |       |       |     6 |       |     4 ||    10
Invok: Berserk           |     1 |     2 |     7 |    11 |     8 |     6 ||    35
       Trog's Hand       |       |     5 |     8 |    20 |    23 |    25 ||    81
       Brothers in Arms  |       |       |       |     3 |     6 |       ||     9
Evoke: Wand              |       |       |     3 |     1 |       |     3 ||     7
  Use: Scroll            |       |     5 |       |     7 |    17 |     7 ||    36
       Potion            |       |     5 |       |     1 |     2 |     1 ||     9
 Stab: Distracted        |       |       |     1 |     1 |       |       ||     2
       Confused          |       |       |       |       |       |     1 ||     1
  Eat: Chunk             |       |     4 |     8 |    14 |    12 |    11 ||    49
       Beef jerky        |       |     1 |       |       |     1 |     1 ||     3
       Bread ration      |       |       |     1 |     1 |     2 |     2 ||     6
       Fruit             |       |       |       |     5 |    10 |     1 ||    16
       Royal jelly       |       |       |       |     1 |       |       ||     1
       Meat ration       |       |       |       |     1 |       |       ||     1
